[Event "*** Titled Tuesday Blitz"]
[Site "Chess.com"]
[Date "2019.01.01"]
[Round "5"]
[White "SimonKnightRivendell"]
[Black "viktorko131"]
[Result "0-1"]
[WhiteElo "1987"]
[BlackElo "2088"]
[TimeControl "180+2"]
[EndTime "14:12:46 PST"]
[Termination "viktorko131 won by resignation"]

1. d4 Nf6 2. c4 e6 3. Nf3 Bb4+ 4. Nbd2 d5 5. g3 dxc4 6. Bg2 O-O 7. O-O c3 8. Qb3 cxd2 9. Qxb4 dxc1=Q 10. Raxc1 c6 11.
Rfd1 Na6 12. Qa3 Qb6 13. Ne5 Nc7 14. e4 Nb5 15. Qd3 Rd8 16. Nc4 Qc7 17. Qe3 Nd7 18.
e5 a6 19. a4 Na7 20. Nd6 Nb6 21. Qg5 h6 22. Qh5 Nd5 23. Be4 Rxd6 24. exd6 Qxd6 25. Rd3 Nf6 26. Qf3 Nxe4 27. Qxe4 Bd7 28. Rf3 Nc8 29. Re1 Ne7 30. Qg4 Nd5 31. Qh5 Be8 32. Qh4 Qd8 33. Qe4 Rc8 34. Rd3 Nf6 35. Qe2 Qe7 36. f4 c5 37. d5 c4 38. Rdd1 Qc5+ 39. Kg2 Nxd5 40.
f5 Bc6 41. Kh3 Qd6 42. fxe6 fxe6 43. Qg4 Bd7 44. Kg2 e5 45. Qe4 Bc6 46. Kg1 Re8 47. Qxc4 Qe6 48. b4 e4 49. b5 axb5 50. axb5 Bxb5 51. Qxb5 Nc3 52. Qxb7 Nxd1 53. Rxd1 e3 54. Re1 Qf6 55. Qg2 Qd4 56. Qe2 Kh8 57. Rf1 Qd2 58.
Re1 Qxe2 59. Rxe2 Kh7 60. Kg2 Kg6 61. Kf3 Kf5 62. Rxe3 Rxe3+ 63. Kxe3 Kg4 64. Kf2 Kh3 65.
Kg1 g5 66. Kh1 h5 67. Kg1 Kg4 68. Kh1 Kf5 69. Kg2 Ke4 70. h3 Ke3 71. Kg1 Kf3 72.
Kh2 Kf2 73. g4 h4 74. Kh1 Kg3 75. Kg1 Kxh3 76. Kh1 Kxg4 0-1

[Event "*** Titled Tuesday Blitz"]
[Site "Chess.com"]
[Date "2019.01.01"]
[Round "5"]
[White "Hrant_ChessMood"]
[Black "Grandelicious"]
[Result "1/2-1/2"]
[WhiteElo "2951"]
[BlackElo "2665"]
[TimeControl "180+2"]
[EndTime "14:12:48 PST"]
[Termination "Game drawn by agreement"]

1. Nf3 d5 2. d4 Nf6 3. c4 e6 4.
Nc3 dxc4 5. e4 b5 6. e5 Nd5 7. Nxb5 Nb6 8. Be2 Nc6 9. O-O Be7 10. Qd2 O-O 11. Rd1 Rb8 12. Nc3 Nb4 13. Qf4 Bb7 14. Qg3 f5 15. Bh6 Rf7 16. Ng5 Bxg5 17. Bxg5 Qd7 18. h4 Nc2 19. Rac1 Nxd4 20. Bh5 c5 21. Bxf7+ Qxf7 22. Be3 Rd8 23. Bxd4 cxd4 24. Nb5 f4 25. Qg5 Rd5 26. Nd6 Qd7 27. Qxf4 d3 28. b3 cxb3 29. axb3 Nc8 30. Nxb7 Qxb7 31. Qc4 Nb6 32.
Qc7 Qxc7 33. Rxc7 Nd7 34. Rc3 d2 35. Rc2 Nxe5 36. Rcxd2 Rb5 37. Re1 Kf7 38. Re3 Kf6 39.
f3 h6 40. Ra2 a5 41. Ra4 Nc6 42.
Rf4+ Ke7 43. Rc4 Nb4 44. Rce4 Rb6 45. Re5 Nc6 46. Rc5 Nd4 47. Rxa5 Nxb3 48. Ra7+ Kf6 49.
Re4 g5 50. h5 Nc5 51. Re1 Nd3 52. Rd1 Nf4 53. Rh7 Rb2 54. g4 Nh3+ 55. Kf1 Nf4 56. Rxh6+ Kg7 57. Rg6+ Nxg6 58. Rd7+ Kh6 59. hxg6 Kxg6 60. Rd8 Kf6 61. Rf8+ Kg7 62. Re8 Kf7 63. Rd8 Kf6 64. Ke1 Kf7 65. Rd2 Rb3 66. Ke2 Kf6 67. Rd3 Rb2+ 68. Ke3 Rb1 69. Ra3 Re1+ 70. Kf2 Rb1 71.
Kg3 Rb2 72. Ra8 Rb1 73. Rf8+ Kg7 74. Rd8 Rg1+ 75. Kf2 Ra1 76. Ke3 Kf6 77. Rb8 Ra3+ 78. Kf2 1/2-1/2

[Event "*** Titled Tuesday Blitz"]
[Site "Chess.com"]
[Date "2019.01.01"]
[Round "5"]
[White "biostatistician"]
[Black "mersad_98"]
[Result "0-1"]
[WhiteElo "2455"]
[BlackElo "2635"]
[TimeControl "180+2"]
[EndTime "14:12:55 PST"]
[Termination "mersad_98 won by resignation"]

1. d4 Nf6 2. Nf3 e6 3. c4 b6 4. Nc3 Bb4 5. Qc2 Bb7 6. a3 Bxc3+ 7. Qxc3 O-O 8. g3 c5 9. dxc5 bxc5 10. Bg2 Ne4 11.
Qc2 f5 12. O-O Nc6 13. Rd1 Qe7 14. b3 Rfd8 15. Bb2 a5 16. Ne5 Nxe5 17. Bxe5 d6 18. Bb2 a4 19. b4 d5 20. cxd5 Bxd5 21. Bxe4 Bxe4 22. Qxc5 Qxc5 23. bxc5 Rdc8 24. Rdc1 Rab8 25.
Be5 Rb3 26. f3 Bd5 27. Kf2 g5 28. Bd6 g4 29. f4 Kf7 30. Rd1 h5 31. Rd4 Ra8 32.
Rb4 Rxb4 33. axb4 Bc6 34. Ra3 Bb5 35. Ke3 h4 36. Kd2 hxg3 37. hxg3 Rh8 38. Rc3 Rh2 39. c6 Rxe2+ 40. Kd1 Re4 41. c7 Bd7 42. Kc1 Bc8 43. b5 Rd4 44. Bc5 Rd5 45. b6 Ke8 46. Kb2 Kd7 47.
Ka3 Kc6 48. Be3+ Kb5 49. Bf2 e5 50. fxe5 Rxe5 51. Rd3 Kc6 52. Rd8 Kb7 53. Kxa4 Re2 54. Bd4 f4 55. gxf4 Re4 56. Kb5 Rxf4 57. Kc5 g3 58. Re8 g2 59. Re2 Rxd4 60. Rxg2 Rd1 61. Ra2 Rc1+ 62. Kb5 Rb1+ 63. Kc5 Rxb6 64. Ra5 Rc6+ 65.
Kb4 Bd7 66. Rb5+ Kc8 67. Rc5 Rb6+ 68. Ka5 Rb1 69. Ka6 Ra1+ 70. Kb6 Rb1+ 71. Ka6 Bg4 72. Ka7 Be2 73. Rc2 Rb7+ 74. Ka8 Bf3 75. Rc6 Rb4 76. Ka7 Bxc6 0-1

[Event "*** Titled Tuesday Blitz"]
[Site "Chess.com"]
[Date "2019.01.01"]
[Round "5"]
[White "Vegan4future"]
[Black "olksuna"]
[Result "0-1"]
[WhiteElo "2342"]
[BlackElo "2504"]
[TimeControl "180+2"]
[EndTime "14:13:03 PST"]
[Termination "olksuna won by checkmate"]

1. d4 d5 2. c4 e6 3. Nf3 c6 4.
g3 dxc4 5. Bg2 b5 6. O-O Bb7 7. b3 cxb3 8. Qxb3 Nd7 9. a4 a6 10. Rd1 Ngf6 11. Na3 Rb8 12. Nc2 Bd6 13. Ne5 Qc7 14. Nd3 O-O 15. Bf4 Bxf4 16. gxf4 c5 17. dxc5 Bxg2 18. Kxg2 Nxc5 19. Nxc5 Qxc5 20. axb5 Rxb5 21.
Qd3 Rb2 22. Ne3 Nh5 23. Ra4 Rb4 24. Rxb4 Qxb4 25. Qc4 Nxf4+ 26. Kf3 Qxc4 27. Nxc4 Nd5 28. Ra1 Nc7 29. Ne5 f6 30. Nd7 Ra8 31. Nc5 Kf7 32. Ke4 Ke7 33. Kd4 Nb5+ 34. Kc4 Nd6+ 35. Kb4 Rb8+ 36. Kc3 Rc8 37. Kd4 Nb5+ 38. Kc4 Kd6 39.
Rxa6+ Rc6 40. Rxc6+ Kxc6 41. Nxe6 Nd6+ 42. Kd3 Ne8 43.
Nf8 h6 44. Ne6 Kd6 45. Nd4 Ke5 46. Ke3 Nd6 47. f4+ Kd5 48. Kd3 Ne4 49. e3 Nc5+ 50.
Ke2 Ke4 51. Nf3 Nb3 52. Kf2 Nc1 53. Nd2+ Kd3 54. Nf3 Nb3 55. Nh4 Ke4 56. Nf3 Nc5 57. Nd2+ Kd3 58. Nf1 Ne4+ 59. Kf3 f5 60. h4 g6 61. Nh2 Nd2+ 62. Kf2 Ne4+ 63. Kf3 Nd2+ 64. Kf2 Nc4 65. Nf1 Ke4 66. Ke2 Nb2 67. Nd2+ Kd5 68.
Nf3 Nc4 69. Kd3 Nb2+ 70. Ke2 Nc4 71. Kd3 Nb2+ 72. Kd2 Nc4+ 73. Ke2 Ke4 74. Ne1 Nxe3 75. Kf2 Nd5 76. Kg3 Nxf4 77. Nc2 Nh5+ 78. Kh3 g5 79.
hxg5 hxg5 80. Nb4 Nf6 81. Kg3 f4+ 82. Kf2 g4 83. Na2 Nd5 84. Nc1 g3+ 85. Kg2 Ne3+ 86. Kg1 f3 87. Kh1 f2 88. Ne2 f1=Q+ 89. Ng1 Qg2# 0-1

[Event "*** Titled Tuesday Blitz"]
[Site "Chess.com"]
[Date "2019.01.01"]
[Round "5"]
[White "MikeSailer"]
[Black "TheoSlade"]
[Result "1/2-1/2"]
[WhiteElo "2114"]
[BlackElo "2081"]
[TimeControl "180+2"]
[EndTime "14:13:16 PST"]
[Termination "Game drawn - insufficient material"]

1. b4 e5 2. Bb2 Bxb4 3. Bxe5 Nf6 4. Nf3 O-O 5. e3 Nc6 6. Bb2 d5 7. Be2 Re8 8. O-O Bg4 9. h3 Bh5 10. d3 Qe7 11. Nbd2 Bd6 12. c4 Rad8 13. Bxf6 Qxf6 14.
cxd5 Ne5 15. Ne4 Qg6 16. Nxd6 Qxd6 17. Nxe5 Bxe2 18. Qxe2 Qxe5 19. Rab1 Qxd5 20. Rfd1 c5 21. a4 Qc6 22. Qa2 Rd7 23. a5 Red8 24. Qa3 b5 25. axb6 axb6 26. Qa6 Rd6 27. Rdc1 Rxd3 28. Rxb6 Qc7 29.
Rbb1 h6 30. g3 c4 31. Rxc4 Qe5 32. Rc8 Rxc8 33. Qxc8+ Kh7 34. Qc2 Qf5 35. Rb3 Rd5 36. Qxf5+ Rxf5 37. Kg2 h5 38. f4 Ra5 39. Kf3 g6 40.
Rb7 Kg7 41. g4 hxg4+ 42. hxg4 Kf6 43. g5+ Ke6 44. Rb6+ Ke7 45. Rb7+ Ke6 46. Rb6+ Ke7 47. Rb4 Ke6 48. Ke4 Ra3 49. Rb6+ Ke7 50. Kd4 Ra5 51. Rb7+ Ke6 52. Rb6+ Ke7 53. e4 Ra4+ 54. Kd5 Ra5+ 55.
Kd4 Ra4+ 56. Ke3 Ra3+ 57. Kf2 Rc3 58. Ke2 Ra3 59. f5 gxf5 60. exf5 Ra5 61. Rb7+ Ke8 62. Rb8+ Ke7 63. f6+ Ke6 64. Rg8 Rf5 65. Ke3 Rf1 66. Ke4 Re1+ 67. Kd4 Rd1+ 68. Kc5 Rc1+ 69. Kb6 Rb1+ 70.
Kc7 Rc1+ 71. Kd8 Rd1+ 72. Ke8 Ra1 73. Kf8 Rg1 74. Rg7 Rg2 75. Kg8 Rg3 76. Rxf7 Rxg5+ 77. Rg7 Kxf6 78. Rxg5 Kxg5 1/2-1/2

[Event "*** Titled Tuesday Blitz"]
[Site "Chess.com"]
[Date "2019.01.01"]
[Round "5"]
[White "MITerryble"]
[Black "Vuk2000"]
[Result "0-1"]
[WhiteElo "2816"]
[BlackElo "2763"]
[TimeControl "180+2"]
[EndTime "14:13:32 PST"]
[Termination "Vuk2000 won by checkmate"]

1. d4 Nf6 2. Nf3 e6 3. c4 b6 4. g3 Ba6 5. Qa4 c5 6. Bg2 Bb7 7. dxc5 Bxc5 8. O-O O-O 9. Nc3 Qc8 10. Bf4 Na6 11. Rac1 Be7 12. Rfd1 Nc5 13. Qc2 Nfe4 14. Nb5 Na6 15. Ne5 Nf6 16. Bxb7 Qxb7 17. Bg5 Rad8 18.
Ng4 Nd5 19. Rxd5 Nb4 20. Qd2 f6 21. Nd6 Qc7 22. Rd4 Nc6 23. Nb5 Qb7 24. Be3 Nxd4 25. Bxd4 a6 26. Nc3 Rc8 27. Qd3 b5 28. cxb5 axb5 29.
Rd1 b4 30. Na4 d5 31. f4 Rc6 32. b3 Rfc8 33. Ne3 Rc1 34. Kf2 Rxd1 35. Qxd1 Qc6 36. Bb2 Rd8 37. Qd4 Rf8 38. Qd3 Rd8 39. Qd4 Kf7 40. Qb6 Qxb6 41. Nxb6 Rb8 42. Na4 Rc8 43.
f5 Rc6 44. fxe6+ Kxe6 45. Ng2 g5 46. Ne1 Bd6 47. Nf3 Kf7 48. Ke3 h5 49. Kd3 Kg6 50. Nd4 Ra6 51. Bc1 Be5 52. Be3 f5 53. Nf3 Bf6 54.
Bd2 Be7 55. Ne5+ Kg7 56. Nf3 Kg6 57. Nd4 Bf6 58. Bxb4 h4 59. gxh4 g4 60. Bd2 Be5 61. h5+ Kxh5 62. Nxf5 Bxh2 63. Nc3 g3 64. Bf4 Kg4 65.
Bxg3 Bg1 66. a4 Kxf5 67. b4 d4 68. b5 Ra8 69. b6 dxc3 70. b7 Rd8+ 71. Kxc3 Ba7 72. Kc4 Bb8 73. Bxb8 Rxb8 74. a5 Rxb7 75. Kc5 Ke6 76. a6 Rb1 77. Kc6 Ra1 78. Kb7 Kd7 79. a7 Rb1+ 80. Ka8 Kc7 81. e4 Rg1 82. e5 Rg8# 0-1

[Event "*** Titled Tuesday Blitz"]
[Site "Chess.com"]
[Date "2019.01.01"]
[Round "5"]
[White "jacky72"]
[Black "Supernotar"]
[Result "0-1"]
[WhiteElo "2593"]
[BlackElo "2426"]
[TimeControl "180+2"]
[EndTime "14:14:03 PST"]
[Termination "Supernotar won by resignation"]

1. d4 d5 2. c4 dxc4 3. Nf3 Nf6 4. e3 e6 5. Bxc4 a6 6. O-O b5 7. Bb3 Bb7 8. a4 b4 9. Nbd2 Nbd7 10. e4 Nxe4 11.
Nxe4 Bxe4 12. Re1 Nf6 13. Bg5 Bd5 14. Ne5 Be7 15. Rc1 O-O 16. Bxd5 Nxd5 17. Nc6 Qd6 18. Nxe7+ Nxe7 19. Qg4 Nf5 20. Rc4 Rac8 21. Rec1 Qd7 22. Rxb4 Rb8 23. Rbc4 Rxb2 24. Rxc7 Qxd4 25. Qf3 Qxa4 26.
Rc8 Rb8 27. Rxb8 Rxb8 28. Qb7 Rf8 29. h3 Qb5 30. Qa7 Nd4 31. Qxd4 Qxg5 32. Ra1 Ra8 33. Qe4 Qd5 34. Qxd5 exd5 35. Ra5 Kf8 36. Kf1 Ke7 37. Ke2 Ke6 38. Kd3 Ke5 39. Ke3 g5 40. g3 h6 41. Kd3 Ra7 42. Ke3 f5 43. f4+ gxf4+ 44. gxf4+ Ke6 45. Kd4 Kd6 46. Rxd5+ Ke6 47. Re5+ Kf6 48. Ra5 Kg6 49. Ke5 Re7+ 50. Kd5 Ra7 51.
Ke5 Ra8 52. Ra3 a5 53. Rg3+ Kh5 54. Kxf5 a4 55. Ra3 Ra5+ 56. Kf6 Ra6+ 57. Kf5 Ra5+ 58. Kf6 Kh4 59. f5 Ra6+ 60. Ke5 Kg5 61. Rg3+ Kh4 62. Ra3 Kg5 63. Ke4 Ra5 64. Rg3+ Kf6 65. Ra3 Re5+ 66.
Kd3 Ra5 67. Ke4 h5 68. h4 Re5+ 69. Kd3 Ra5 70. Ke4 Ra7 71. Kf4 Ra6 72. Rg3 Ra5 73.
Ra3 Rxf5+ 74. Ke4 Re5+ 75. Kf4 Ra5 76. Ke4 Ra6 77. Kf4 Ra5 78. Ke4 Ke6 79. Kf4 Kd5 80. Kg5 Kc4+ 81. Kg6 Kb4 82. Rf3 a3 83. Rf4+ Kb3 84. Rf3+ Kb2 85. Rf2+ Kb1 86. Rf1+ Kb2 87. Rf2+ Kb3 88. Rf3+ Kc4 89. Rf4+ Kd3 90. Rf3+ Ke4 91. Rf1 a2 92. Ra1 Kf4 93. Rf1+ Kg4 94. Ra1 Kxh4 95. Kh6 Kg4 96. Kg6 h4 97. Kh6 Ra6+ 98. Kg7 h3 99.
Rxa2 Rxa2 0-1

[Event "*** Titled Tuesday Blitz"]
[Site "Chess.com"]
[Date "2019.01.01"]
[Round "5"]
[White "mishanick"]
[Black "2nd_life"]
[Result "0-1"]
[WhiteElo "2975"]
[BlackElo "2414"]
[TimeControl "180+2"]
[EndTime "14:17:02 PST"]
[Termination "2nd_life won by checkmate"]

1. d4 Nf6 2. c4 e6 3. Nf3 c5 4. d5 exd5 5. cxd5 d6 6. Nc3 a6 7. a4 g6 8. h3 Bg7 9. e4 O-O 10. Bd3 Re8 11. O-O c4 12. Bc2 Nbd7 13. Nd2 Qc7 14. Qe2 Nb6 15. a5 Nbxd5 16. Nxd5 Nxd5 17.
Nxc4 b5 18. axb6 Nxb6 19. Na5 Be6 20. Bd3 d5 21. Be3 dxe4 22. Bxe4 Nd5 23. Rfc1 Qe5 24. Qf3 f5 25. Bd3 Nxe3 26. fxe3 Qxb2 27. Bc4 Bxc4 28.
Nxc4 Qxa1 29. Rxa1 Bxa1 30. Qd5+ Kh8 31. Nd6 Rf8 32. Nf7+ Rxf7 33. Qxa8+ Kg7 34. Qxa6 Bf6 35. Qd6 Re7 36. Kf2 h5 37. g3 Bg5 38. Qd4+ Kf7 39. Qc4+ Kg7 40. Qc3+ Kf7 41. e4 Rxe4 42. Qh8 Bf6 43. Qc8 h4 44. Qd7+ Re7 45. Qd5+ Kg7 46. g4 fxg4 47. hxg4 g5 48. Kg2 Re5 49. Qd7+ Re7 50.
Qc8 Re5 51. Kf3 Re7 52. Qc2 Re5 53. Qc8 Re7 54. Kg2 Re5 55. Qa8 Re7 56. Qb8 Re3 57.
Qb1 Rg3+ 58. Kh2 Rxg4 59. Qb7+ Kh6 60. Qf7 Rf4 61. Qf8+ Kg6 62. Qg8+ Kh6 63. Qf8+ Bg7 64.
Qd6+ Kh5 65. Qd7 Kh6 66. Kg2 g4 67. Qd6+ Kg5 68. Qe7+ Bf6 69. Qc5+ Kg6 70. Qc8 g3 71. Qg8+ Bg7 72. Kh3 Kh6 73. Qd5 Bf6 74. Qd2 Bg5 75. Qd6+ Kh5 76. Qe6 Rf2 77. Qg4+ Kh6 78. Qe6+ Kh5 79.
Qe8+ Kh6 80. Qg8 Rf4 81. Qe6+ Rf6 82. Qd7 Rf2 83. Qc7 Rf6 84. Qb7 Rf4 85. Qc8 Rf6 86. Qh8+ Kg6 87. Qg8+ Kh6 88. Qe8 Rf4 89. Qe5 Rf6 90. Kg2 Rf2+ 91. Kg1 Kh5 92. Qe8+ Kg4 93. Qe4+ Kh5 94. Qh7+ Kg4 95. Qd7+ Kh5 96. Qd1+ Kh6 97. Qg4 Bf6 98. Qe6 Kg5 99. Qe4 h3 100. Qe3+ Kg4 101. Qe4+ Rf4 102. Qg6+ Kh4 103. Qh7+ Kg4 104. Qg8+ Bg5 105.
Qc8+ Rf5 106. Qc4+ Kh5 107. Qe2+ Kh4 108. Qe4+ Bf4 109. Qe7+ Kg4 110. Qg7+ Kf3 111. Qb7+ Kg4 112. Qg7+ Bg5 113. Qd4+ Kh5 114. Qd1+ Kh4 115. Qd4+ Bf4 116. Qh8+ Rh5 117. Qf6+ Kg4 118. Qg6+ Rg5 119. Qe6+ Rf5 120. Qg6+ Bg5 121. Qe6 g2 122. Qe4+ Bf4 123. Qe2+ Kh4 124. Qe4 Kg3 125. Qe1+ Kg4 126. Qe2+ Kg5 127. Qe7+ Kg4 128. Qe2+ Kh4 129. Qe4 Rf6 130. Qd4 Kg4 131. Qd7+ Kg3 132. Qg7+ Kf3 133. Qxf6 h2# 0-1

[Event "*** Titled Tuesday Blitz"]
[Site "Chess.com"]
[Date "2019.01.01"]
[Round "5"]
[White "RajdeepS"]
[Black "tigra"]
[Result "1/2-1/2"]
[WhiteElo "2510"]
[BlackElo "2746"]
[TimeControl "180+2"]
[EndTime "14:17:24 PST"]
[Termination "Game drawn by 50-move rule"]

1. Nf3 d5 2. d4 c6 3. g3 Bf5 4.
Bg2 e6 5. O-O h6 6. c4 Nd7 7. Nc3 Ngf6 8. Qb3 Qb6 9. c5 Qa6 10.
Nd2 Be7 11. e4 dxe4 12. Ndxe4 Nxe4 13. Nxe4 O-O 14. Bf4 Nf6 15. Nd6 Bxd6 16. Bxd6 Rfd8 17. Rfe1 Rd7 18. Rad1 Qa5 19. h3 Qd8 20. g4 Bg6 21.
Qe3 Rxd6 22. cxd6 Qxd6 23. Qe5 Rd8 24. Qxd6 Rxd6 25. f4 Kf8 26. Kf2 Bc2 27. Rd2 Ba4 28.
b3 Bb5 29. a4 Ba6 30. f5 exf5 31. gxf5 b6 32. b4 Bc4 33. Rc1 Bd5 34. Bxd5 Nxd5 35.
b5 cxb5 36. axb5 Rf6 37. Rc8+ Ke7 38. Re2+ Kd7 39. Ree8 Rxf5+ 40. Ke1 Nf6 41. Red8+ Ke7 42. Ra8 Rxb5 43. Rdb8 a5 44. Rb7+ Ke6 45. Raa7 Kd5 46. Rxf7 Kxd4 47. Rxg7 Ne4 48. Ke2 Rb2+ 49. Kf3 Rf2+ 50.
Kg4 Rg2+ 51. Kh5 Rxg7 52. Rxg7 a4 53. Kxh6 b5 54. Ra7 Kc4 55. h4 Kb3 56. Re7 Nf6 57. Re6 Nd5 58. Kg5 a3 59. h5 a2 60.
Re1 Nc3 61. Ra1 Ne4+ 62. Kf4 Nf6 63. h6 Ka3 64. Kf5 Nh7 65. Kg6 b4 66. Kxh7 b3 67.
Kg8 b2 68. Rxa2+ Kxa2 69. h7 b1=R 70. h8=Q Rb8+ 71. Kh7 Rb7+ 72. Kg6 Rb6+ 73. Kf5 Kb3 74.
Qh3+ Kc4 75. Qg4+ Kd5 76. Qe4+ Kd6 77. Qd4+ Kc6 78. Ke6 Kc7+ 79. Kd5 Rd6+ 80. Kc5 Rc6+ 81. Kb5 Re6 82. Qd5 Rd6 83. Qf7+ Kd8 84. Kc5 Ra6 85. Qf8+ Kd7 86. Qg7+ Ke8 87. Qe5+ Kd7 88. Qd5+ Kc7 89.
Qf7+ Kd8 90. Qb7 Re6 91. Kd5 Rh6 92. Qb8+ Ke7 93. Qe5+ Kf7 94. Qf5+ Kg7 95. Ke5 Rg6 96. Qh3 Rf6 97. Qd7+ Kg6 98. Qg4+ Kf7 99. Qh5+ Kg7 100. Qe8 Rf7 101. Ke6 Rf6+ 102. Ke7 Rf5 103. Qb8 Rf7+ 104. Ke6 Rf6+ 105. Ke5 Rf1 106. Qc7+ Kg6 107. Qb6+ Kg5 108. Qe3+ Kh4 109. Qh6+ Kg4 110. Qg6+ Kh4 111. Qe4+ Kg3 112. Qd3+ Rf3 113. Qg6+ Kf2 114. Kd4 Re3 115. Qf5+ Rf3 116. Qg5 Ke2 117. Ke4 Rc3 118. Qg2+ Ke1 119. Qh2 Kd1 120. Kd4 Rb3 1/2-1/2

[Event "*** Titled Tuesday Blitz"]
[Site "Chess.com"]
[Date "2019.01.01"]
[Round "6"]
[White "Grandelicious"]
[Black "MITerryble"]
[Result "1-0"]
[WhiteElo "2690"]
[BlackElo "2805"]
[TimeControl "180+2"]
[EndTime "14:21:05 PST"]
[Termination "Grandelicious won by resignation"]

1. e4 e6 2. d4 d5 3. Nd2 Be7 4. e5 c5 5. c3 cxd4 6. cxd4 Nc6 7. Bd3 Qb6 8. Ndf3 Bb4+ 9. Bd2 Bd7 10. Bc3 Nxd4 11.
Qd2 Bxc3 12. bxc3 Nc6 13. Nh3 Nge7 14. O-O Ng6 15. Rae1 Rc8 16. Nf4 Nxf4 17. Qxf4 Ne7 18. Ng5 Nf5 19. Bxf5 exf5 20. e6 Bxe6 21. Qxf5 Ke7 22.
Qxf7+ 1-0

[Event "*** Titled Tuesday Blitz"]
[Site "Chess.com"]
[Date "2019.01.01"]
[Round "6"]
[White "NemtsevIgor"]
[Black "Raffael89"]
[Result "1-0"]
[WhiteElo "2308"]
[BlackElo "2200"]
[TimeControl "180+2"]
[EndTime "14:21:51 PST"]
[Termination "NemtsevIgor won by resignation"]

1. d4 d5 2. e4 e6 3. Be3 dxe4 4. f3 exf3 5. Nxf3 Nf6 6. Bd3 c5 7. dxc5 Qa5+ 8. c3 Be7 9. b4 Qc7 10. O-O O-O 11. Qe1 e5 12. Nbd2 Rd8 13. Bc2 Ng4 14.
Kh1 Nxe3 15. Qxe3 b6 16. Qe4 g6 17. Qxa8 Bb7 18. Qxa7 Rxd2 19. cxb6 Bxf3 20. bxc7 1-0

[Event "*** Titled Tuesday Blitz"]
[Site "Chess.com"]
[Date "2019.01.01"]
[Round "6"]
[White "TwentyHourADay"]
[Black "Gubajdullin"]
[Result "1-0"]
[WhiteElo "2268"]
[BlackElo "2399"]
[TimeControl "180+2"]
[EndTime "14:21:53 PST"]
[Termination "TwentyHourADay won by checkmate"]

1. e4 c6 2. d4 d5 3. e5 Bf5 4. h4 e6 5. g4 Be4 6. f3 Be7 7. fxe4 Bxh4+ 8. Ke2 dxe4 9. Nc3 Nh6 10. Nxe4 Nxg4 11.
Nf3 Be7 12. Bh3 Qd5 13. Qd3 f5 14. exf6 Nxf6 15. Nc3 Qh5 16. Bg5 Nbd7 17. Bxe6 Qg6 18. Qxg6+ hxg6 19. Rxh8+ Nf8 20. Ne5 Kd8 21. Nxg6 Bd6 22. Nxf8 Kc7 23. Bxf6 gxf6 24. Ng6 Rxh8 25. Nxh8 f5 26. Nf7 Be7 27. Bxf5 Bf6 28. Ne5 Bg5 29. Rg1 Bf6 30. Rg6 Bh4 31. Kd3 c5 32. Nb5+ Kd8 33.
Nd6 cxd4 34. Rg7 b5 35. Rd7# 1-0

[Event "*** Titled Tuesday Blitz"]
[Site "Chess.com"]
[Date "2019.01.01"]
[Round "6"]
[White "JoakimVonAnd"]
[Black "patrisiii123"]
[Result "1-0"]
[WhiteElo "2342"]
[BlackElo "2254"]
[TimeControl "180+2"]
[EndTime "14:22:01 PST"]
[Termination "JoakimVonAnd won by resignation"]

1. d4 d5 2. c4 e6 3. Nc3 c6 4. e4 dxe4 5. Nxe4 Nf6 6. Nxf6+ Qxf6 7. Nf3 h6 8. Bd3 Nd7 9. O-O Be7 10. b3 O-O 11.
Bb2 Qf4 12. Qe2 Bf6 13. g3 Qc7 14. h4 b6 15. Qe4 g6 16. h5 Bg7 17. hxg6 Nf6 18.
gxf7+ Qxf7 19. Qh4 Bb7 20. Ne5 Qc7 21. Rae1 Rad8 22.
Ng6 Rfe8 23. Nf4 Qd6 24. Bb1 c5 25. dxc5 bxc5 26. Bxf6 Bxf6 27. Qxf6 Qc6 1-0

[Event "*** Titled Tuesday Blitz"]
[Site "Chess.com"]
[Date "2019.01.01"]
[Round "6"]
[White "julinha97"]
[Black "ASVZ"]
[Result "1-0"]
[WhiteElo "2116"]
[BlackElo "2260"]
[TimeControl "180+2"]
[EndTime "14:22:24 PST"]
[Termination "julinha97 won by resignation"]

1. d4 e6 2. e4 d5 3. Bd3 dxe4 4. Bxe4 Nf6 5. Bf3 c5 6. Ne2 Nc6 7. Be3 cxd4 8. Nxd4 Ne5 9. Nc3 Bb4 10. Nb5 Qxd1+ 11.
Bxd1 Nd5 12. Bd4 Nc6 13. a3 Nxd4 14. axb4 Nxc3 15. Nc7+ Kd8 16. Nxa8 Nxd1 17. Rxd1 e5 18. c3 b6 19. cxd4 Bb7 20. dxe5+ Kc8 21. Rc1+ Kd7 22. Rc7+ 1-0

[Event "*** Titled Tuesday Blitz"]
[Site "Chess.com"]
[Date "2019.01.01"]
[Round "6"]
[White "xpto15"]
[Black "Zhuu96"]
[Result "0-1"]
[WhiteElo "2208"]
[BlackElo "2882"]
[TimeControl "180+2"]
[EndTime "14:22:26 PST"]
[Termination "Zhuu96 won by resignation"]

1. e4 c5 2. Nf3 d6 3. Bb5+ Nd7 4. d4 cxd4 5. Qxd4 a6 6. Bxd7+ Bxd7 7. c4 Rc8 8. Nc3 h6 9. b3 Nf6 10. O-O Bc6 11.
Re1 e6 12. Qd3 Be7 13. Nd4 O-O 14. Be3 Be8 15. h3 Qa5 16. Rac1 Bd7 17. Red1 Rfd8 18. Nde2 Bc6 19. Nd4 Be8 20. Nde2 b5 21. cxb5 axb5 22. Ng3 b4 23. Nd5 exd5 24. Nf5 Bf8 25. exd5 Rxc1 26. Rxc1 Qxd5 27. Qb1 Qe4 0-1

[Event "*** Titled Tuesday Blitz"]
[Site "Chess.com"]
[Date "2019.01.01"]
[Round "6"]
[White "dmosesov"]
[Black "PenguinPacks"]
[Result "1-0"]
[WhiteElo "2363"]
[BlackElo "2227"]
[TimeControl "180+2"]
[EndTime "14:22:26 PST"]
[Termination "dmosesov won by resignation"]

1. e4 e5 2. Nf3 Nc6 3. Bb5 a6 4. Ba4 Nf6 5. O-O b5 6. Bb3 Bc5 7. a4 Bb7 8. c3 d6 9. d4 Bb6 10. axb5 axb5 11. Rxa8 Bxa8 12. Na3 O-O 13. Re1 exd4 14.
cxd4 b4 15. Nc4 Ba7 16. Bg5 h6 17. Bh4 g5 18. Bg3 d5 19. exd5 Nxd5 20. Nce5 Nde7 21. Nxg5 hxg5 22. Qh5 Nxe5 23. Bxe5 1-0

[Event "*** Titled Tuesday Blitz"]
[Site "Chess.com"]
[Date "2019.01.01"]
[Round "6"]
[White "evgenyermolaev"]
[Black "Bryakin_Mikhail"]
[Result "0-1"]
[WhiteElo "2487"]
[BlackElo "2689"]
[TimeControl "180+2"]
[EndTime "14:22:39 PST"]
[Termination "Bryakin_Mikhail won by resignation"]

1. e4 c6 2. Nc3 d5 3. Nf3 Nf6 4. e5 Ne4 5. Bd3 Nxc3 6. dxc3 Bg4 7. Bf4 e6 8. h3 Bxf3 9. Qxf3 Qb6 10. O-O-O Nd7 11.
h4 Be7 12. h5 Qa5 13. Kb1 O-O-O 14. c4 Nc5 15. cxd5 cxd5 16. Bd2 Qb6 17. Qf6 gxf6 0-1

[Event "*** Titled Tuesday Blitz"]
[Site "Chess.com"]
[Date "2019.01.01"]
[Round "6"]
[White "salomez"]
[Black "Iyael"]
[Result "1-0"]
[WhiteElo "2140"]
[BlackElo "2164"]
[TimeControl "180+2"]
[EndTime "14:22:41 PST"]
[Termination "salomez won by resignation"]

1. e4 c5 2. Nf3 Nc6 3. Bb5 e6 4. O-O Nge7 5. b3 a6 6. Bxc6 Nxc6 7. Bb2 f6 8. d4 cxd4 9. Nxd4 Be7 10. Qh5+ g6 11. Qh6 Kf7 12. c4 Qf8 13. Qh3 Nxd4 14. Bxd4 e5 15. Bb2 d5 16. Qd3 d4 17. f4 exf4 18.
Rxf4 Bd6 19. Rf2 Be5 20. Nd2 Qd6 21. Nf3 Rd8 22. Nxe5+ Qxe5 23. Rd1 Bg4 24. Rdd2 Rd6 25. Bxd4 Qe7 26. e5 Rxd4 27. Qxd4 f5 28. Qxg4 1-0

[Event "*** Titled Tuesday Blitz"]
[Site "Chess.com"]
[Date "2019.01.01"]
[Round "6"]
[White "TBergh98"]
[Black "mishanick"]
[Result "0-1"]
[WhiteElo "2275"]
[BlackElo "2975"]
[TimeControl "180+2"]
[EndTime "14:22:48 PST"]
[Termination "mishanick won by resignation"]

1. Nf3 Nf6 2. c4 g6 3. Nc3 d5 4. cxd5 Nxd5 5. e4 Nxc3 6. dxc3 Qxd1+ 7. Kxd1 Bg4 8. Bf4 c6 9. Be2 Nd7 10. h3 Bxf3 11. Bxf3 e5 12. Be3 Bc5 13. Ke2 Bxe3 14. Kxe3 Ke7 15. Bg4 Nc5 16. b4 Na4 17. Rac1 Rad8 18.
Bd1 Nb2 19. Be2 Na4 20. Bc4 Rd6 21. Bb3 Nb2 22. Rc2 Nd3 23. Rd1 Nf4 24. Rxd6 Nxg2+ 25. Kf3 Ne1+ 26. Ke2 Nxc2 27. Rd3 Na3 28. c4 f6 29. c5 Nb5 30. Bc4 Nd4+ 31. Kd1 g5 32.
Kc1 h5 33. Kb2 h4 34. a4 g4 35. Ka3 Nc2+ 36. Kb3 Nd4+ 37. Ka3 gxh3 38. Rxh3 a6 39. Kb2 Ne6 40. Bf1 Nf4 41. Rh2 h3 42.
f3 Rg8 43. Kc3 Rg3 44. Rf2 h2 45. Rxh2 0-1

[Event "*** Titled Tuesday Blitz"]
[Site "Chess.com"]
[Date "2019.01.01"]
[Round "6"]
[White "sandager"]
[Black "tgpgoat"]
[Result "0-1"]
[WhiteElo "2003"]
[BlackElo "1988"]
[TimeControl "180+2"]
[EndTime "14:22:56 PST"]
[Termination "tgpgoat won by resignation"]

1. e4 e5 2. Nf3 Nc6 3. Bc4 Bc5 4.
O-O Nf6 5. d3 a6 6. c3 Ba7 7. h3 h6 8. Re1 d6 9. Be3 O-O 10.
Bxa7 Rxa7 11. Nbd2 b5 12. Bb3 Bb7 13. Nf1 Ne7 14. Ng3 Ng6 15. Nf5 Nf4 16. Kh2 Kh7 17. g3 Ne6 18. Qd2 Ng8 19. Rad1 g6 20. Ne3 Qf6 21.
Nd5 Qxf3 22. Re3 Ng5 23. h4 Qh5 24. Kg2 Bxd5 25. exd5 f5 26. hxg5 Qxg5 27. Rh1 f4 28. Re4 f3+ 29. Kg1 Qxd2 30. Reh4 g5 31. R4h3 g4 32. Rh4 Qe1+ 0-1

[Event "*** Titled Tuesday Blitz"]
[Site "Chess.com"]
[Date "2019.01.01"]
[Round "6"]
[White "nihalsarin"]
[Black "snowlord"]
[Result "1-0"]
[WhiteElo "2954"]
[BlackElo "2691"]
[TimeControl "180+2"]
[EndTime "14:23:09 PST"]
[Termination "nihalsarin won by resignation"]

1. d4 Nf6 2. Bg5 d5 3. e3 c5 4. Bxf6 exf6 5. c3 Nc6 6. Nf3 Be6 7. dxc5 Bxc5 8. Nbd2 O-O 9. Be2 Bd6 10. O-O a6 11. Nb3 Ne5 12. Nbd4 Bd7 13. Qb3 Qc7 14.
Qxd5 Rad8 15. Qb3 Nxf3+ 16. Nxf3 Bc6 17. h3 Bd5 18. Qc2 Rfe8 19. Rfd1 Be4 20. Qb3 Qc5 21. Rd4 Bb8 22. Rad1 Rxd4 23. Rxd4 Qc7 24. Kf1 Ba7 25. Rd1 h5 26. Kg1 Bb8 27. Kf1 Rd8 28. Rxd8+ Qxd8 29. Bc4 Qd7 30. Nd4 Qc7 31. Bd5 Bd3+ 32.
Ke1 b5 33. Nc6 Bc4 34. Bxc4 Qxc6 35. Bxf7+ Kh8 36. Qd1 1-0